 Dungeon Crawl Stone Soup version 0.24-a0-487-g57318f2ed0 (webtiles) character file.

Game seed: 14802065720217056425

84275 Inquire the Blocker (level 15, -25/122 HPs)
             Began as a Mummy Skald on July 10, 2019.
             Was an Initiate of Gozag.
             Annihilated by a kraken (29 damage)
             ... on level 1 of the Shoals.
             The game lasted 00:47:18 (31701 turns).

Inquire the Blocker (Mummy Skald)                  Turns: 31701, Time: 00:47:19

Health: -25/122    AC: 26    Str: 20    XL:     15   Next: 34%
Magic:  28/32      EV: 24    Int: 17    God:    Gozag
Gold:   557        SH: 14    Dex: 16    Spells: 15/24 levels left

rFire    + + .     SeeInvis .   l - +9 broad axe (chop)
rCold    + + +     Gourm    .   N - +1 shield {rC+ rF+}
rNeg     + + +     Faith    .   n - +5 ring mail of Greed {rCorr MP+9}
rPois    ∞         Spirit   .   m - +2 helmet
rElec    .         Reflect  .   x - +2 cloak
rCorr    +         Harm     .   H - +0 pair of gloves
MR       +....                  s - +1 pair of boots {Fly}
Stlth    +++.......             K - amulet of the acrobat
HPRegen  0.30/turn              d - ring "Siochach" {rF+ rC+ AC+5}
MPRegen  0.23/turn              c - ring "Hajoc" {rF+ EV+4 Int+3 Stlth+}

@: agile, gold aura, flying, very slightly contaminated, invisible
A: no food or potions, fire vulnerability, cold resistance 1, negative energy
resistance 3, torment resistance, unbreathing, in touch with death 1
a: Potion Petition, Call Merchant, Bribe Branch, Renounce Religion


You were on level 1 of the Shoals.
You worshipped Gozag.
Gozag was pleased with you.
You were not hungry.

You visited 6 branches of the dungeon, and saw 26 of its levels.
You also visited: Ice Cave.

You collected 6672 gold pieces.
You spent 3699 gold pieces at shops.
You paid 2416 gold pieces to Gozag.

Inventory:

Hand Weapons
 l - a +9 broad axe of chopping (weapon)
Missiles
 b - 14 curare-tipped darts
 e - 821 stones
 h - 32 boomerangs
 i - 77 poisoned darts (quivered)
Armour
 m - a +2 helmet (worn)
 n - the +5 ring mail of Greed (worn) {rCorr MP+9}
   (You found it on level 4 of the Dungeon)

   It affects your magic capacity (+9).
   It provides partial protection from all sources of acid and corrosion.
 s - a +1 pair of boots of flying (worn)
 x - a +2 cloak (worn)
 H - a +0 pair of gloves (worn)
 N - a +1 shield of resistance (worn)
 O - a +2 pair of boots of running
Jewellery
 c - the ring "Hajoc" (right hand) {rF+ EV+4 Int+3 Stlth+}
   (You bought it in a shop on level 11 of the Dungeon)

   [ring of evasion]

   It affects your evasion (+4).
   It affects your intelligence (+3).
   It protects you from fire.
   It makes you more stealthy.
 d - the ring "Siochach" (left hand) {rF+ rC+ AC+5}
   (You bought it in a shop on level 2 of the Orcish Mines)

   [ring of protection]

   It affects your AC (+5).
   It protects you from fire.
   It protects you from cold.
 g - an uncursed ring of protection from cold
 p - the amulet of the Air {Inacc +Fly rElec EV+5 RMsl}
   (You bought it in a shop on level 11 of the Dungeon)

   [amulet of inaccuracy]

   It reduces the accuracy of all your attacks.
   It affects your evasion (+5).
   It insulates you from electricity.
   It lets you fly.
   It protects you from missiles.
 r - an uncursed ring of fire
 v - an uncursed ring of fire
 w - an uncursed ring of protection from magic
 K - an amulet of the acrobat (around neck)
Wands
 a - a wand of flame (66)
 y - a wand of polymorph (2)
 D - a wand of digging (17)
 E - a wand of enslavement (9)
 J - a wand of disintegration (16)
 L - a wand of iceblast (16)
Scrolls
 f - 9 scrolls of remove curse
 j - a scroll of teleportation
 k - 3 scrolls of silence
 o - 5 scrolls of identify
 q - 3 scrolls of fog
 t - 3 scrolls of amnesia
 B - a scroll of enchant weapon
 G - a scroll of magic mapping


   Skills:
 - Level 12.5 Fighting
 * Level 9.9(10.7) Axes
   Level 6.6(10.5) Maces & Flails
   Level 8.3(9.4) Staves
 - Level 6.6 Armour
 - Level 6.8 Dodging
 * Level 13.1 Shields
 - Level 5.4 Spellcasting
 * Level 6.6 Charms


You had 15 spell levels left.
You knew the following spells:

 Your Spells              Type           Power        Failure   Level  Hunger
a - Infusion              Chrm           ####         1%          1    N/A
b - Spectral Weapon       Hex/Chrm       ###.....     22%         3    N/A
c - Song of Slaying       Chrm           ####....     2%          2    N/A
d - Mephitic Cloud        Conj/Pois/Air  #.......     63%         3    N/A

Your spell library contained the following spells:

 Spells                   Type           Power        Failure   Level  Hunger
 Shroud of Golubria       Chrm/Tloc      ###...       11%         2    N/A
 Ozocubu's Armour         Chrm/Ice       ###.....     22%         3    N/A
 Animate Skeleton         Necr           N/A          26%         1    N/A
 Apportation              Tloc           #.....       26%         1    N/A
 Confusing Touch          Hex            #.....       26%         1    N/A
 Corona                   Hex            #......      26%         1    N/A
 Flame Tongue             Conj/Fire      #....        26%         1    N/A
 Freeze                   Ice            #...         26%         1    N/A
 Magic Dart               Conj           #...         26%         1    N/A
 Summon Small Mammal      Summ           #...         26%         1    N/A
 Blink                    Tloc           N/A          38%         2    N/A
 Call Imp                 Summ           #.......     38%         2    N/A
 Ensorcelled Hibernation  Hex/Ice        #.....       38%         2    N/A
 Searing Ray              Conj           #.....       38%         2    N/A
 Slow                     Hex            #.......     38%         2    N/A
 Throw Flame              Conj/Fire      #.....       38%         2    N/A
 Throw Frost              Conj/Ice       #.....       38%         2    N/A
 Confuse                  Hex            #.......     63%         3    N/A
 Conjure Flame            Conj/Fire      #.......     63%         3    N/A
 Dazzling Spray           Conj/Hex       #.....       63%         3    N/A
 Gell's Gravitas          Tloc           #.........   63%         3    N/A
 Inner Flame              Hex/Fire       #.......     63%         3    N/A
 Tukima's Dance           Hex            #.......     63%         3    N/A
 Iskenderun's Battlesphe  Conj/Chrm      ###.....     89%         5    N/A
 Force Lance              Conj/Tloc      #.......     95%         4    N/A
 Fulminant Prism          Conj/Hex       #.........   95%         4    N/A
 Iskenderun's Mystic Bla  Conj           #.......     95%         4    N/A
 Petrify                  Tmut/Erth      #.......     95%         4    N/A
 Sticky Flame             Conj/Fire      #.......     95%         4    N/A
 Summon Ice Beast         Ice/Summ       #.......     95%         4    N/A
 Throw Icicle             Conj/Ice       #.......     95%         4    N/A
 Bolt of Magma            Conj/Fire/Erth #.........   100%        5    N/A
 Borgnjor's Vile Clutch   Necr/Erth      #.........   100%        5    N/A
 Fireball                 Conj/Fire      #.........   100%        5    N/A
 Lee's Rapid Deconstruct  Erth           #.........   100%        5    N/A
 Metabolic Englaciation   Hex/Ice        #.........   100%        5    N/A
 Venom Bolt               Conj/Pois      #.........   100%        5    N/A
 Yara's Violent Unravell  Hex/Tmut       #.........   100%        5    N/A
 Bolt of Cold             Conj/Ice       #.........   100%        6    N/A
 Freezing Cloud           Conj/Ice/Air   #.........   100%        6    N/A
 Invisibility             Hex            #.......     100%        6    N/A
 Iron Shot                Conj/Erth      #.........   100%        6    N/A
 Ozocubu's Refrigeration  Ice            #.........   100%        6    N/A
 Simulacrum               Ice/Necr       #.........   100%        6    N/A
 Orb of Destruction       Conj           #.........   100%        7    N/A
 Spellforged Servitor     Conj/Summ      #.........   100%        7    N/A
 Discord                  Hex            #.........   100%        8    N/A
 Regeneration             Chrm/Necr      Unusable     N/A         3    N/A
 Ice Form                 Ice/Tmut       Unusable     N/A         4    N/A

Dungeon Overview and Level Annotations

Branches:
Dungeon (15/15)            Temple (1/1) D:7            Lair (6/6) D:10
 Shoals (1/4) Lair:4        Snake (1/4) Lair:3        Slime (0/5) Lair:5
    Orc (2/2) D:11            Elf (0/3) Orc:2        Vaults (0/5) D:13
 Depths (0/5) D:15

Altars:
Ashenzari
Cheibriados
Dithmenos
Elyvilon
Fedhas
Gozag
Hepliaklqana
Kikubaaqudgha
Makhleb
Nemelex Xobeh
Okawaru
Qazlal
Ru
Sif Muna
Trog
Uskayaw
Vehumet
Xom
Yredelemnul
Zin
The Shining One
Beogh
Jiyva
Lugonu

Shops:
D:9 ?   D:10 (   D:11 =   Orc:2 (*=[   Lair:5 [

Annotations:
D:7 2 transporters, hemabe's ghost, novice HuAr
D:9 exclusion: 2 oklob plants
D:12 1 runed translucent door, exclusion: orange crystal statue
D:13 2 transporters, Murumi's ghost, journeyman NaEn
D:14 exclusion: Roxanne, Roxanne
D:15 2 runed translucent doors, btonasse's ghost, journeyman DgVM
Lair:1 Set up a spell rotation!
Lair:5 1 runed translucent door, LemonEater's ghost, journeyman GrEE
Snake:1 Donald


Innate Abilities, Weirdness & Mutations

You do not eat or drink.
Your flesh is vulnerable to fire.
You are immune to poison.
Your flesh is cold resistant. (rC+)
You are immune to negative energy. (rN+++)
You are immune to unholy pain and torment.
You can survive without breathing.
You are in touch with the powers of death.


Message History

[c] - 325 gold - resistance and flight Purchase which effect?
You feel much better.
You feel more buoyant.
You feel agile all of a sudden.
You fade into invisibility!
The tentacle completely misses you. x2; The tentacle slaps you.
* * * LOW HITPOINT WARNING * * *
You block the tentacle's attack.
A tentacle segment bursts forth from the water.
The kraken bites you!!
* * * LOW HITPOINT WARNING * * *
Unknown command.
Unknown command.
Unknown command.
You catch the helpless kraken completely off-guard!
You slash the kraken!
The kraken is severely wounded.
The kraken bites you!!
You die...
Your body crumbles into a pile of gold.

≈≈≈≈≈≈≈≈≈≈≈≈≈≈≈≈≈≈≈≈≈≈≈≈≈
≈≈≈≈≈≈≈≈≈≈≈≈≈≈≈≈≈≈≈≈≈≈≈≈≈
≈≈≈≈≈≈≈≈≈≈≈≈≈≈≈≈≈≈≈≈≈≈≈≈≈
≈≈≈≈≈≈≈≈≈≈≈≈≈≈≈≈≈≈≈≈≈≈≈≈≈
≈≈≈≈≈≈≈≈≈≈≈≈≈≈≈≈≈≈≈≈≈≈≈≈≈
≈≈≈≈≈≈≈≈≈≈≈≈≈≈≈≈≈≈≈≈≈≈≈≈≈
≈≈≈≈≈≈≈w≈≈≈≈≈≈≈≈≈≈≈≈≈≈≈≈≈
≈≈≈≈.≈≈≈≈X≈≈≈≈≈≈≈≈≈≈≈≈≈≈≈
≈≈...≈≈≈@≈≈≈≈≈≈≈≈≈≈≈≈≈≈≈≈
≈....≈≈≈≈≈≈≈≈≈≈≈≈≈≈≈≈≈≈≈≈
≈≈≈..%≈≈≈≈≈≈≈≈≈≈≈≈≈≈≈≈≈≈.
≈≈≈##..≈≈/≈≈≈≈≈≈≈≈≈≈≈≈≈
≈≈≈ ##≈≈≈≈≈≈≈≈≈≈≈.≈.≈.. ≈
≈≈≈≈≈≈≈≈≈≈≈≈≈≈≈≈.....
.≈≈≈≈≈≈≈≈≈≈≈≈≈≈≈≈....
≈≈≈≈≈≈≈≈≈≈≈≈≈≈≈≈≈..###
.≈≈≈≈..≈≈≈≈≈≈≈≈≈≈.##


You could see a kraken and a tentacle.

Vanquished Creatures
  Rupert (D:12)
  Jorgrun (D:13)
  Frances (D:14)
  Kirke (D:12)
  An orc warlord (Orc:2)
  A fire dragon (D:15)
  Snorg (D:12)
  An ice dragon (D:15)
  A naga warrior (Snake:1)
  2 merfolk avatars (Shoals:1)
  A catoblepas (Lair:6)
  7 hydras
  A centaur warrior (D:14)
  9 two-headed ogres
  6 death yaks (Lair:6)
  A tengu warrior (D:15)
  Urug (Lair:1)
  2 orc high priests
  Sonja (Lair:4)
  Nergalle (Orc:2)
  The ghost of Mandevil the Thrower, a novice DsHu of Okawaru (D:6)
  An unseen horror (D:12)
  A wizard (D:13)
  3 sea snakes (Shoals:1)
  3 orc knights (Orc:2)
  A mana viper (Snake:1)
  2 ugly things
  An orc sorcerer (Orc:2)
  2 manticores
  A cyclops (Orc:2)
  A water nymph (Shoals:1)
  8 elephants (Lair:6)
  2 centaur zombies
  8 black mambas
  A merfolk siren (Shoals:1)
  Psyche (D:8)
  A gargoyle (D:14)
  6 spiny frogs
  3 rime drakes
  A kobold demonologist (D:14)
  7 komodo dragons
  A jumping spider (shapeshifter) (D:10)
  A merfolk (Shoals:1)
  6 polar bears
  9 trolls
  A wind drake (Shoals:1)
  2 jumping spiders (D:15)
  3 blink frogs (Lair:3)
  9 hippogriffs
  2 snapping turtles (Shoals:1)
  A centaur simulacrum (D:15)
  3 redbacks (D:15)
  A tarantella (D:15)
  3 wyverns
  2 shadows
  5 hogs (D:12)
  28 yaks
  2 hungry ghosts (D:14)
  4 vampire mosquitoes
  A warg (Orc:2)
  3 insubstantial wisps (Lair:3)
  3 acid dragons
  4 porcupines
  11 water moccasins
  31 orc warriors
  4 sky beasts
  7 ice beasts
  2 phantoms
  A black bear (D:11)
  An eye of draining (D:13)
  A necrophage (D:14)
  8 ogres
  17 wolves
  24 centaurs
  8 crocodiles
  Blork the orc (D:5)
  4 big kobolds
  12 bullfrogs
  2 gnoll sergeants (D:6)
  A wyvern skeleton (D:15)
  5 scorpions
  3 jellies
  16 wights
  33 killer bees
  An electric eel (D:11)
  3 howler monkeys (D:7)
  8 crimson imps
  7 centaur skeletons
  9 hounds
  17 orc priests
  33 orc wizards
  A bullfrog skeleton (D:5)
  A gnoll shaman (D:6)
  4 iguanas
  Jessica (D:3)
  5 worker ants
  A hound zombie (D:8)
  A hound skeleton (D:9)
  2 worker ant zombies
  A howler monkey skeleton (D:7)
  11 adders
  8 gnolls (D:6)
  3 shadow imps
  2 oozes
  An adder zombie (D:6)
  An adder skeleton (D:8)
  2 dart slugs
  6 leopard geckos
  69 orcs
  10 bats
  6 giant cockroaches
  4 goblins
  A hobgoblin (D:1)
  11 jackals
  6 quokkas
  3 ball pythons
  A ball python skeleton (D:5)
  5 frilled lizards
  A jackal skeleton (D:4)
  25 kobolds
  A leopard gecko skeleton (D:4)
  A leopard gecko zombie (D:5)
  5 rats
  2 plants
  A tentacle (Shoals:1)
663 creatures vanquished.

Vanquished Creatures (collateral kills)
  A merfolk javelineer (Shoals:1)
  2 ice beasts (IceCv)
  3 killer bees (Lair:2)
6 creatures vanquished.

Vanquished Creatures (others)
  A queen bee (Lair:2)
  2 killer bees (Lair:2)
  10 fungi
  24 plants
  2 spectral weapons (Shoals:1)
  14 tentacles (Shoals:1)
53 creatures vanquished.

Grand Total: 722 creatures vanquished

Notes
Turn   | Place    | Note
-------+----------+-------------------------------------------
     0 | D:1      | Inquire the Mummy Skald began the quest for the Orb.
     0 | D:1      | Reached XP level 1. HP: 16/16 MP: 4/4
   318 | D:1      | Reached XP level 2. HP: 15/22 MP: 6/6
  1233 | D:2      | Reached XP level 3. HP: 22/28 MP: 7/7
  2211 | D:3      | Found a snail-covered altar of Cheibriados.
  2232 | D:3      | Reached XP level 4. HP: 26/34 MP: 9/9
  2694 | D:3      | Learned a level 3 spell: Spectral Weapon
  2728 | D:3      | Noticed Jessica
  2736 | D:3      | Killed Jessica
  3079 | D:4      | Reached XP level 5. HP: 23/41 MP: 11/11
  3619 | D:4      | Found a shattered altar of Ashenzari.
  3892 | D:4      | Got a bronze ring mail
  3893 | D:4      | Identified the +5 ring mail of Greed {rCorr MP+9} (You
                  | found it on level 4 of the Dungeon)
  3967 | D:4      | Reached XP level 6. HP: 44/48 MP: 13/13
  3982 | D:4      | Reached skill level 5 in Spellcasting
  4103 | D:4      | Found a basalt altar of Yredelemnul.
  4126 | D:5      | Entered Level 5 of the Dungeon
  4267 | D:4      | Found a sacrificial altar of Ru.
  4482 | D:4      | Reached skill level 1 in Armour
  4597 | D:4      | Found a deep blue altar of Sif Muna.
  4833 | D:4      | Reached XP level 7. HP: 30/55 MP: 15/15
  5223 | D:5      | Reached skill level 5 in Fighting
  5355 | D:5      | Found a blossoming altar of Fedhas.
  5755 | D:5      | Noticed Blork the orc
  5771 | D:5      | Killed Blork the orc
  5771 | D:5      | Reached XP level 8. HP: 40/64 MP: 16/16
  5913 | D:5      | Found a sparkling altar of Nemelex Xobeh.
  6107 | D:6      | Found an ancient bone altar of Kikubaaqudgha.
  6317 | D:6      | Found a glowing silver altar of Zin.
  6399 | D:7      | Found a staircase to the Ecumenical Temple.
  6431 | Temple   | Entered the Ecumenical Temple
  6567 | D:7      | Reached skill level 5 in Maces & Flails
  6857 | D:7      | Found a transporter.
  6857 | D:7      | Noticed hemabe's ghost (novice HuAr)
  6937 | D:7      | Found a transporter.
  7339 | D:7      | Learned a level 2 spell: Song of Slaying
  7638 | D:6      | Reached XP level 9. HP: 58/72 MP: 17/17
  7811 | D:6      | Found a transporter.
  7817 | D:6      | Found a transporter.
  7838 | D:6      | Found a stormy altar of Qazlal.
  8228 | D:8      | Noticed Psyche
  8245 | D:8      | Killed Psyche
  8728 | D:8      | Found a glowing golden altar of the Shining One.
  8805 | D:8      | Found an iron altar of Okawaru.
  8900 | D:8      | Got a translucent quarterstaff
  8901 | D:8      | Identified the +2 quarterstaff of Bodily Humours {drain,
                  | rF+++ Int+3} (You found it on level 8 of the Dungeon)
  8971 | D:8      | Found an opulent altar of Gozag.
  8971 | D:8      | Found a bloodstained altar of Trog.
  8980 | D:8      | Became a worshipper of Gozag Ym Sagoz the Greedy
  9280 | D:8      | Reached skill level 1 in Staves
  9326 | D:8      | Noticed a two-headed ogre
  9580 | D:9      | Found a burning altar of Makhleb.
  9640 | D:8      | Killed a two-headed ogre
  9707 | D:8      | Reached XP level 10. HP: 78/82 MP: 18/18
 10720 | D:9      | Found Hafeg's Magic Scroll Shop.
 10748 | D:9      | Bought a scroll of fog for 28 gold pieces
 10748 | D:9      | Bought a scroll of random uselessness for 14 gold pieces
 10748 | D:9      | Bought a scroll of vulnerability for 105 gold pieces
 10748 | D:9      | Bought a scroll of holy word for 105 gold pieces
 10748 | D:9      | Bought a scroll of enchant armour for 105 gold pieces
 11012 | D:9      | Found a blossoming altar of Fedhas.
 11017 | D:9      | Noticed an oklob plant
 11017 | D:9      | Noticed an oklob plant
 11234 | D:10     | Entered Level 10 of the Dungeon
 11256 | D:10     | Reached skill level 5 in Dodging
 11311 | D:10     | Found Venes's Antique Weapon Shop.
 11389 | D:10     | Found a staircase to the Lair.
 11929 | D:10     | Reached skill level 5 in Armour
 12200 | D:11     | Noticed a white ugly thing
 12215 | D:11     | Killed a white ugly thing
 12267 | D:11     | Reached skill level 5 in Staves
 12622 | D:11     | Noticed a two-headed ogre
 12642 | D:11     | Killed a two-headed ogre
 12642 | D:11     | Reached XP level 11. HP: 50/90 MP: 19/19
 12849 | D:11     | Noticed a two-headed ogre
 12895 | D:11     | Killed a two-headed ogre
 12895 | D:11     | Reached skill level 10 in Fighting
 13389 | D:11     | Found a staircase to the Orcish Mines.
 13501 | D:12     | Noticed a two-headed ogre
 13727 | D:12     | Found a runed translucent door.
 13738 | D:12     | You fall into a shaft and drop 2 floors!
 13747 | D:14     | Noticed a centaur warrior
 13774 | D:14     | Killed a centaur warrior
 14348 | D:13     | Noticed a two-headed ogre
 14348 | D:13     | Noticed a two-headed ogre
 14351 | D:13     | Noticed a wizard
 14384 | D:13     | Killed a two-headed ogre
 14642 | D:13     | Noticed Murumi's ghost (journeyman NaEn)
 14656 | D:13     | Found a transporter.
 14684 | D:13     | Killed a two-headed ogre
 14723 | D:13     | Noticed Jorgrun
 14940 | D:12     | Noticed Kirke
 14942 | D:12     | Noticed Rupert
 15442 | D:6      | Noticed Mandevil's ghost (novice DsHu)
 15473 | D:6      | Killed Mandevil's ghost
 15473 | D:6      | Reached XP level 12. HP: 45/99 MP: 20/20
 15804 | D:11     | Killed a two-headed ogre
 15804 | D:11     | Reached skill level 1 in Shields
 16023 | Orc:1    | Entered Level 1 of the Orcish Mines
 16039 | D:11     | Reached skill level 2 in Shields
 16116 | Orc:1    | Noticed an orc high priest
 16305 | D:12     | Noticed Snorg
 16309 | D:12     | Paralysed by Rupert for 3 turns
 16390 | D:13     | Found a gate to the Vaults.
 16590 | D:13     | Reached skill level 3 in Shields
 16801 | D:13     | Found a transporter.
 16924 | D:13     | Noticed a two-headed ogre
 16933 | D:13     | Killed a two-headed ogre
 16933 | D:13     | Reached skill level 4 in Shields
 16966 | D:14     | Noticed Frances
 17060 | D:11     | Bought the ring "Hajoc" {rF+ EV+4 Int+3 Stlth+} for 709
                  | gold pieces
 17349 | Lair:1   | Entered Level 1 of the Lair of Beasts
 17390 | Lair:1   | Noticed Urug
 17420 | Lair:1   | Killed Urug
 17473 | Lair:1   | Found a sacrificial altar of Ru.
 17517 | Lair:1   | Reached skill level 5 in Shields
 17520 | Lair:1   | Reached skill level 1 in Axes
 17590 | Lair:1   | Noticed a seven-headed hydra
 17993 | Lair:2   | Reached skill level 6 in Shields
 18166 | Lair:2   | Found a frozen archway.
 18258 | IceCv    | Entered an ice cave
 18274 | IceCv    | Reached skill level 7 in Shields
 18313 | IceCv    | Found a transporter.
 18374 | Lair:2   | Noticed a six-headed hydra
 18383 | Lair:2   | Killed a six-headed hydra
 18552 | Lair:2   | Noticed a six-headed hydra
 18655 | Lair:2   | Killed a six-headed hydra
 18684 | Lair:2   | Gained mutation: You are in touch with the powers of death.
                  | [Mummy growth]
 18684 | Lair:2   | Reached XP level 13. HP: 77/106 MP: 21/21
 18921 | Lair:1   | Reached skill level 8 in Shields
 19977 | Lair:3   | Reached skill level 5 in Axes
 20071 | Lair:3   | Found a staircase to the Snake Pit.
 20100 | Lair:3   | Reached skill level 9 in Shields
 21221 | Lair:4   | Noticed Sonja
 21232 | Lair:4   | Killed Sonja
 21398 | Lair:4   | Found a staircase to the Shoals.
 21769 | Lair:4   | Reached skill level 10 in Shields
 22128 | Lair:5   | Found a staircase to the Slime Pits.
 22128 | Lair:5   | Found a viscous altar of Jiyva.
 22324 | Lair:5   | Found a runed translucent door.
 22326 | Lair:5   | Noticed LemonEater's ghost (journeyman GrEE)
 22329 | Lair:5   | Identified the +10 trident of Wounding {flame, Int+6}
 22687 | Lair:5   | Bought a +0 shield of resistance for 409 gold pieces
 22687 | Lair:5   | Bought a +2 pair of boots of running for 539 gold pieces
 22741 | Lair:6   | Entered Level 6 of the Lair of Beasts
 23634 | Lair:6   | Reached skill level 11 in Shields
 24091 | Lair:6   | Reached XP level 14. HP: 102/116 MP: 22/22
 25190 | Orc:2    | Entered Level 2 of the Orcish Mines
 25190 | Orc:2    | Found a staircase to the Elven Halls.
 25298 | Orc:2    | Noticed Nergalle
 25328 | Orc:2    | Killed Nergalle
 25447 | Orc:2    | Reached skill level 12 in Shields
 25887 | Orc:2    | Noticed an orc warlord
 25921 | Orc:2    | Killed an orc warlord
 26054 | Orc:2    | Found a roughly hewn altar of Beogh.
 26191 | Orc:2    | Found Decsit's Antique Weapon Shop.
 26360 | Orc:2    | Found Toherati's Antique Armour Shop.
 26375 | Orc:2    | Found Eresuxia's Jewellery Shop.
 26382 | Orc:2    | Bought the ring "Siochach" {rF+ rC+ AC+5} for 988 gold
                  | pieces
 26423 | Orc:2    | Found Vubra's General Store.
 26430 | Orc:2    | Bought a scroll of teleportation for 36 gold pieces
 26430 | Orc:2    | Bought a scroll of enchant armour for 90 gold pieces
 26735 | D:12     | Killed Snorg
 26795 | D:12     | Killed Rupert
 27175 | D:12     | Killed Kirke
 27725 | D:13     | Killed Jorgrun
 27725 | D:13     | Reached skill level 5 in Charms
 28291 | D:14     | Identified Roxanne's Collected Works on Earth
 28291 | D:14     | Noticed Roxanne
 28767 | D:15     | Entered Level 15 of the Dungeon
 28774 | D:15     | Identified a scroll of acquirement
 28774 | D:15     | Identified the Catalogue of Hexes (You acquired it on level
                  | 15 of the Dungeon)
 28920 | D:15     | Reached XP level 15. HP: 116/122 MP: 23/23
 29023 | D:15     | Found a runed translucent door.
 29025 | D:15     | Found a runed translucent door.
 29037 | D:15     | Noticed a storm dragon
 29059 | D:15     | Noticed btonasse's ghost (journeyman DgVM)
 29059 | D:15     | Noticed a lich
 29236 | D:15     | Found an opulent altar of Gozag.
 29389 | D:15     | Found a staircase to the Depths.
 29553 | D:14     | Killed Frances
 30076 | Snake:1  | Entered Level 1 of the Snake Pit
 30138 | Snake:1  | Noticed Donald
 30540 | D:11     | Bought the amulet of the Air {Inacc +Fly rElec EV+5 RMsl}
                  | for 571 gold pieces
 30540 | D:11     | Found the amulet of the Air {Inacc +Fly rElec EV+5 RMsl}
 30555 | D:11     | Learned a level 3 spell: Mephitic Cloud
 30760 | Shoals:1 | Entered Level 1 of the Shoals
 30798 | Shoals:1 | Reached skill level 13 in Shields
 31437 | Shoals:1 | Identified the Papyrus of the Dusty Blaze
 31675 | Shoals:1 | Noticed a kraken
 31700 | Shoals:1 | HP: 3/122 [kraken (26)]
 31701 | Shoals:1 | Annihilated by a kraken

Levels and vault maps discovered:
D:1:      psy_arrival_spokes, layout_basic, chequers_serial_rivers_micro_d
D:2:      layout_rooms
D:3:      layout_basic, cheibriados_altar_1, uniq_jessica
D:4:      layout_gridville, marbit_many_paths, yredelemnul_altar_generic,
          nicolae_ru_sacrificial_ziggurat, first_ration, led_sif_pool
D:5:      layout_cave_pools, nemelex_xobeh_ov_fountains_minmay, fedhas_altar_3,
          uniq_blork_the_orc
D:6:      layout_rooms, nicolae_overflow_hidden_temple, zin_statuary,
          kennysheep_mini, kennysheep_mini_moat, gammafunk_ghost_gnarly_gnolls
D:7:      layout_basic, minmay_temple_entry_trees, gammafunk_ghost_mausoleum,
          grunt_ogre_cave
D:8:      layout_basic, tso_metal_star, grunt_temple_overflow_open,
          kennysheep_okawaru_gauntlet, uniq_psyche
D:9:      layout_big_octagon, bloody_makhleb, serial_shops, shop, moated_statue,
          hangedman_tree_tricks, centaur_isle
D:10:     layout_loops_ring, david_lair_shrubbed, serial_shops, shop
D:11:     layout_loops_ring, erik_orc_2
D:12:     layout_irregular_city, minmay_crystal_box, uniq_rupert, uniq_snorg,
          uniq_kirke
D:13:     layout_roguey, david_vaults_1, gammafunk_ghost_stat_death,
          uniq_jorgrun
D:14:     layout_loops_ring, kennysheep_cross_bottleneck, uniq_roxanne,
          uniq_frances
D:15:     grunt_enter_depths_hoard, layout_cave_pools,
          muffindrake_ghost_dual_entry, basic_altar
Temple:   corrupted_temple
Lair:1:   layout_layer_cave, basic_altar, uniq_urug
Lair:2:   layout_roguey [special_room_bee], portal_ice_cave_rime,
          serial_bayou_pond_e, st_stairs_9, cheibrodos_lair_lostbears
Lair:3:   layout_cave_pods, dummy_snake_entry, pond, grunt_megastairs_4
Lair:4:   layout_gridlike, elwin_shoals_entry_rocks, uniq_sonja
Lair:5:   layout_loops_ring, slime_altar_1, ebering_ghost_funeral_grove
Lair:6:   grunt_lair_end_beastmaster, layout_regular_city
Shoals:1: layout_shoals
Snake:1:  layout_misc_corridors, drop_trap, uniq_donald
Orc:1:    layout_caves, basic_altar, lemuel_statue_altar
Orc:2:    grunt_orc_cross, layout_diamond_mine

Skill      XL: |  1  2  3  4  5  6  7  8  9 10 11 12 13 14 15 |
---------------+----------------------------------------------+-----
Spellcasting   | 3 4 5 |  5.4
Maces & Flails | 2 3 4 5 6 |  6.6
Fighting       | 3 4 5 7 8 9 10 11 12 | 12.5
Armour         | 1 2 3 4 5 6 |  6.6
Dodging        | 2 3 4 5 6 |  6.8
Staves         | 2 5 7 8 |  8.3
Shields        | 7 11 12 13 | 13.1
Axes           | 4 7 9 |  9.9
Charms         | 5 6 |  6.6

Action                   |  1- 3 |  4- 6 |  7- 9 | 10-12 | 13-15 || total
-------------------------+-------+-------+-------+-------+-------++-------
Melee: Mace              |   209 |   246 |   201 |       |       ||   656
       Flail             |       |       |   233 |       |       ||   233
       Quarterstaff      |       |       |    50 |  1116 |   424 ||  1590
       Broad axe         |       |       |       |       |   733 ||   733
Throw: Stone             |       |     5 |       |     1 |       ||     6
       Boomerang         |       |    21 |       |       |       ||    21
       Dart              |       |       |    33 |    43 |     6 ||    82
       Throwing net      |       |       |       |     2 |       ||     2
 Cast: Spectral Weapon   |       |       |       |       |     2 ||     2
Invok: Potion Petition   |       |       |       |     2 |     1 ||     3
       Call Merchant     |       |       |       |     1 |     1 ||     2
Evoke: Wand              |       |       |    14 |    32 |    41 ||    87
  Use: Scroll            |     4 |     7 |     8 |    16 |    12 ||    47
 Stab: Invisible         |       |       |     1 |       |     1 ||     2
       Distracted        |       |       |       |     4 |     8 ||    12
       Sleeping          |       |       |       |     2 |     1 ||     3
       Held in net/web   |       |       |       |     1 |       ||     1
Armor: Leather armour    |    32 |       |       |       |       ||    32
       Ring mail         |   110 |   180 |   300 |   471 |   422 ||  1483
Dodge: Dodged            |   185 |   205 |   376 |   927 |   827 ||  2520
       Deflected         |       |       |       |       |     7 ||     7
Block: Shield            |       |       |       |       |   494 ||   494

Table legend:
 A = Non-vault XP
 B = Vault XP
 C = Vault XP percentage of total XP
 D = Non-vault monster count
 E = Vault monster count
 F = Vault count percentage of total count
                 A         B        C        D         E       F
            +---------+---------+-------+---------+---------+-------
      Total |   72899 |   47495 |  39.4 |     503 |     165 |  24.7
            +---------+---------+-------+---------+---------+-------
        D:1 |      34 |       0 |   0.0 |      17 |       0 |   0.0
        D:2 |      38 |       0 |   0.0 |      23 |       0 |   0.0
        D:3 |      82 |      37 |  31.1 |      15 |       1 |   6.2
        D:4 |     617 |      40 |   6.1 |      24 |       1 |   4.0
        D:5 |     555 |      99 |  15.1 |      13 |       1 |   7.1
        D:6 |     951 |    1111 |  53.9 |      21 |      12 |  36.4
        D:7 |     517 |     116 |  18.3 |      12 |       1 |   7.7
        D:8 |    2265 |     352 |  13.5 |      27 |       3 |  10.0
        D:9 |    1341 |     660 |  33.0 |      24 |       6 |  20.0
       D:10 |    1304 |     367 |  22.0 |      15 |       1 |   6.2
       D:11 |    6239 |     667 |   9.7 |      51 |      21 |  29.2
       D:12 |    4367 |    7400 |  62.9 |      31 |       8 |  20.5
       D:13 |    4551 |    5554 |  55.0 |      26 |       4 |  13.3
       D:14 |    6612 |    2354 |  26.3 |      38 |       1 |   2.6
       D:15 |    6266 |    2078 |  24.9 |      18 |       2 |  10.0
     Lair:1 |    2144 |     847 |  28.3 |      12 |       1 |   7.7
     Lair:2 |    3942 |    4464 |  53.1 |      13 |      32 |  71.1
     Lair:3 |    4627 |    1921 |  29.3 |      26 |       9 |  25.7
     Lair:4 |    5234 |     820 |  13.5 |      14 |       1 |   6.7
     Lair:5 |    2844 |       0 |   0.0 |      13 |       0 |   0.0
     Lair:6 |    6001 |    8869 |  59.6 |      20 |      16 |  44.4
   Shoals:1 |    6809 |       0 |   0.0 |      12 |       0 |   0.0
    Snake:1 |    2423 |       0 |   0.0 |       4 |       0 |   0.0
      Orc:1 |    1212 |       0 |   0.0 |       8 |       0 |   0.0
      Orc:2 |    1924 |    8678 |  81.9 |      26 |      37 |  58.7
      IceCv |       0 |    1061 | 100.0 |       0 |       7 | 100.0
            +---------+---------+-------+---------+---------+-------
